 Dungeon Crawl Stone Soup version 0.25-a0-566-g062765be81 (webtiles) character file.

Game seed: 3778732711774885957, levelgen mode: deterministic

4368 Flugslaktarn the Cleaver (level 10, 0/92 HPs)
             Began as a Deep Dwarf Fighter on Feb 27, 2020.
             Slain by a wyvern skeleton (9 damage)
             ... on level 8 of the Dungeon.
             The game lasted 00:03:07 (3669 turns).

Flugslaktarn the Cleaver (Deep Dwarf Fighter)       Turns: 3669, Time: 00:03:07

Health: 0/92       AC: 12    Str: 24    XL:     10   Next: 13%
Magic:  0/4        EV:  7    Int:  8    God:
Gold:   184        SH: 11    Dex: 12    Spells: 9/9 levels left

rFire    . . .     SeeInvis .   a - +0 war axe
rCold    . . .     Gourm    .   c - +0 kite shield
rNeg     . . .     Faith    .   h - +0 chain mail
rPois    .         Spirit   .   (no helmet)
rElec    .         Reflect  .   x - +0 cloak
rCorr    .         Harm     .   (no gloves)
MR       +....                  (no boots)
Stlth    ..........             (no amulet)
HPRegen  0.00/turn              j - +4 ring of slaying
MPRegen  0.09/turn              l - +3 ring of slaying

@: non-regenerating
A: damage resistance, heal wounds, sense surroundings 2, no regeneration
a: Heal Wounds


You were on level 8 of the Dungeon.
You were not hungry.

You visited 2 branches of the dungeon, and saw 9 of its levels.

You collected 281 gold pieces.
You spent 97 gold pieces at shops.

Inventory:

Hand Weapons
 a - a +0 war axe (weapon)
Armour
 b - a +0 scale mail
 c - a +0 kite shield (worn)
 h - a +0 chain mail (worn)
   (You found it on level 1 of the Dungeon)
 x - a +0 cloak (worn)
   (You took it off Crazy Yiuf on level 6 of the Dungeon)
Jewellery
 j - a +4 ring of slaying (left hand)
   (You found it on level 4 of the Dungeon)
 l - a +3 ring of slaying (right hand)
   (You found it on level 7 of the Dungeon)
Wands
 i - a wand of acid (5)
   (You found it on level 7 of the Dungeon)
 v - a wand of digging (6)
   (You took it off Edmund on level 5 of the Dungeon)
Scrolls
 s - a scroll of enchant weapon
 t - 2 scrolls of teleportation
 w - 3 scrolls of remove curse
 z - 5 scrolls of blinking
Potions
 d - a potion of might
 f - a potion of ambrosia
 k - 2 potions of brilliance
 m - a potion of cancellation {unknown}
 n - 2 potions of lignification
 q - 5 potions of curing
Comestibles
 e - 11 rations
 g - 4 chunks of flesh


   Skills:
 - Level 6.4 Fighting
 - Level 10.1 Axes
 - Level 7.7 Armour
 - Level 7.6 Shields
 + Level 5.2 Evocations


You had 9 spell levels left.
You didn't know any spells.
Your spell library was empty.

Dungeon Overview and Level Annotations

Branches:
Dungeon (8/15)             Temple (1/1) D:4
   Lair: D:8-11

Altars:
Cheibriados
Dithmenos
Elyvilon
Gozag
Hepliaklqana
Kikubaaqudgha
Nemelex Xobeh
Okawaru
Qazlal
Ru
Sif Muna
Trog
Uskayaw
Wu Jian
Xom
Yredelemnul
Zin
The Shining One

Shops:
D:4 [   D:6 ?


Innate Abilities, Weirdness & Mutations

You are resistant to damage.
You can heal yourself by infusing magical energy.
You passively map the area around you.
You do not regenerate.


Message History

You miss the hound. The hound bites you. x2
You slash the two-headed ogre!
The two-headed ogre is almost dead.
You slash the hound! You hit the ice beast.
The two-headed ogre barely misses you. You block the two-headed ogre's attack.
You block the hound's attack. The ice beast hits you.
* * * LOW HITPOINT WARNING * * *
The ice beast freezes you!
* * * LOW HITPOINT WARNING * * *
You slash the two-headed ogre!
You kill the two-headed ogre!
Your Evocations skill gained 4 levels and is now at level 5!
You have reached level 10!
You closely miss the ice beast. You slash the hound!
You kill the hound!
You block the ice beast's attack.
You slice the wyvern skeleton!!
The wyvern skeleton is severely damaged.
You hit the ice beast. The wyvern skeleton bites you!
You die...

, #... .. ,
,, * #... #.
,, , ,
.....#.#* **
, * *** ,
...#.########
,* , ,
.........>.,
, , ,,
,,#....Y....
,* * ,#.(#
>,* , , ,
#YZ# * , ,,
,, ,#.@# , *
#.#<)#######
#...(....O..
* ** **,
#.##.#(.c...
... #........
#.#
#########* *
* #.* ,,,, ,
. * .***


You could see an ice beast and a wyvern skeleton.

Vanquished Creatures
  A two-headed ogre (D:8)
  Prince Ribbit (D:7)
  Sigmund (D:5)
  Eustachio (D:5)
  Edmund (D:5)
  Menkaure (D:5)
  A water moccasin (D:7)
  An ice beast (D:7)
  2 orc warriors (D:7)
  2 black bears (D:7)
  A sky beast (D:5)
  6 ogres
  3 centaurs
  2 big kobolds (D:7)
  Blork the orc (D:6)
  A bullfrog (D:6)
  3 scorpions
  5 killer bees (D:7)
  A howler monkey (D:6)
  2 crimson imps
  3 bullfrog zombies
  2 bullfrog skeletons
  4 hounds
  2 orc priests
  Crazy Yiuf (D:6)
  2 iguanas
  7 orc wizards
  3 worker ants
  A killer bee zombie (D:5)
  2 hound skeletons
  A howler monkey skeleton (D:4)
  6 adders
  A shadow imp (D:6)
  An ooze (D:6)
  A dart slug (D:5)
  3 leopard geckos
  25 orcs
  4 giant cockroaches
  A goblin (D:3)
  4 jackals (D:2)
  A ball python skeleton (D:4)
  2 frilled lizards
  A jackal zombie (D:6)
  9 kobolds (D:7)
  2 leopard gecko skeletons
126 creatures vanquished.

Notes
Turn   | Place    | Note
-------+----------+-------------------------------------------
     0 | D:1      | Flugslaktarn the Deep Dwarf Fighter began the quest for the
                  | Orb.
     0 | D:1      | Reached XP level 1. HP: 20/20 MP: 1/1
   178 | D:3      | Reached XP level 2. HP: 22/27 MP: 2/2
   197 | D:3      | Reached skill level 3 in Axes
   197 | D:3      | Reached XP level 3. HP: 28/34 MP: 3/3
   295 | D:4      | Reached XP level 4. HP: 36/42 MP: 3/3
   377 | D:4      | Found a shadowy altar of Dithmenos.
   408 | D:4      | You fall into a shaft and drop 1 floor!
   408 | D:5      | Entered Level 5 of the Dungeon
   425 | D:5      | Reached skill level 4 in Axes
   425 | D:5      | Reached XP level 5. HP: 32/49 MP: 4/4
   441 | D:5      | Found a glowing silver altar of Zin.
   490 | D:5      | Noticed a centaur
   494 | D:5      | Found a shimmering blue altar of Sif Muna.
   501 | D:5      | Killed a centaur
   501 | D:5      | Reached XP level 6. HP: 33/56 MP: 4/4
   585 | D:5      | Reached skill level 5 in Axes
   588 | D:5      | Noticed Sigmund
   605 | D:5      | Killed Sigmund
   605 | D:5      | Reached XP level 7. HP: 55/64 MP: 5/5
   669 | D:4      | Found a staircase to the Ecumenical Temple.
   681 | Temple   | Entered the Ecumenical Temple
   962 | D:4      | Reached skill level 5 in Armour
   979 | D:4      | Reached skill level 5 in Shields
   985 | D:4      | Found Ewogy's Antique Armour Boutique.
  1003 | D:4      | Reached skill level 6 in Axes
  1470 | D:5      | Noticed Menkaure
  1475 | D:5      | Killed Menkaure
  1529 | D:5      | Noticed Eustachio
  1569 | D:5      | Killed Eustachio
  1569 | D:5      | Reached skill level 7 in Axes
  1569 | D:5      | Reached XP level 8. HP: 53/73 MP: 6/6
  1680 | D:5      | Noticed Edmund
  1695 | D:5      | Killed Edmund
  2136 | D:6      | Found Hayp's Magic Scroll Shoppe.
  2144 | D:6      | Bought a scroll of blinking for 97 gold pieces
  2189 | D:6      | Reached skill level 5 in Fighting
  2196 | D:6      | Found a stormy altar of Qazlal.
  2226 | D:6      | Found a runed translucent door.
  2227 | D:6      | Noticed Crazy Yiuf
  2310 | D:6      | Noticed Blork the orc
  2321 | D:6      | Reached skill level 8 in Axes
  2353 | D:6      | Killed Blork the orc
  2438 | D:6      | Found an ancient bone altar of Kikubaaqudgha.
  2727 | D:6      | Killed Crazy Yiuf
  2727 | D:6      | Gained mutation: You passively map the area around you.
                  | [Deep Dwarf growth]
  2727 | D:6      | Reached XP level 9. HP: 19/81 MP: 2/4
  2895 | D:7      | Reached skill level 9 in Axes
  3157 | D:7      | Noticed Prince Ribbit
  3282 | D:7      | Killed Prince Ribbit
  3283 | D:7      | Reached skill level 10 in Axes
  3298 | D:7      | Found a shimmering blue altar of Sif Muna.
  3656 | D:8      | Noticed a two-headed ogre
  3665 | D:8      | Reached skill level 1 in Evocations
  3668 | D:8      | Killed a two-headed ogre
  3668 | D:8      | Reached skill level 5 in Evocations
  3668 | D:8      | Reached XP level 10. HP: 9/92 MP: 0/4
  3669 | D:8      | Slain by a wyvern skeleton

Levels and vault maps discovered:
D:1:      psy_arrival_dodecagon, layout_rooms, columned_hall_lemuel
D:2:      layout_basic, grunt_temple_overflow_open
D:3:      layout_loops_ring, fedhas_altar_2
D:4:      layout_loops_corners, nicolae_overflow_hidden_temple,
          minmay_temple_entry_mini_moons, serial_shops, shop
D:5:      layout_basic, nicolae_overflow_crystal_walls, kennysheep_mini,
          first_ration, uniq_edmund, uniq_eustachio, uniq_sigmund, uniq_menkaure
D:6:      layout_basic, lemuel_doored_altar, basic_altar, serial_shops, shop,
          grunt_ministairs_15, uniq_blork_the_orc, uniq_crazy_yiuf_cottage
D:7:      layout_cave_pods, basic_altar, uniq_prince_ribbit1
D:8:      layout_loops_ring, dpeg_oklobed_lair
Temple:   eino_temple_lava

Skill      XL: |  1  2  3  4  5  6  7  8  9 |
---------------+----------------------------+-----
Fighting       | 3 4 5 6 |  6.4
Axes           | 3 4 5 7 8 10 | 10.1
Armour         | 4 5 6 7 |  7.7
Shields        | 4 5 6 7 |  7.6
Evocations     | 5 |  5.2

Action                   |  1- 3 |  4- 6 |  7- 9 | 10-12 || total
-------------------------+-------+-------+-------+-------++-------
Melee: War axe           |    73 |    74 |   382 |     1 ||   530
 Abil: Heal Wounds       |     2 |     3 |    17 |       ||    22
  Use: Scroll            |       |       |    13 |       ||    13
 Stab: Distracted        |       |       |     1 |       ||     1
  Eat: Chunk             |       |       |     7 |       ||     7
       Ration            |       |       |     1 |       ||     1
Armor: Chain mail        |    63 |    39 |   206 |       ||   308
Dodge: Dodged            |     9 |    21 |   108 |       ||   138
Block: Kite shield       |    29 |    39 |   244 |     1 ||   313

Table legend:
 A = Non-vault XP
 B = Vault XP
 C = Vault XP percentage of total XP
 D = Non-vault monster count
 E = Vault monster count
 F = Vault count percentage of total count
                 A         B        C        D         E       F
            +---------+---------+-------+---------+---------+-------
      Total |    5079 |    1161 |  18.6 |     118 |       8 |   6.3
            +---------+---------+-------+---------+---------+-------
        D:2 |       8 |       0 |   0.0 |       4 |       0 |   0.0
        D:3 |      56 |       0 |   0.0 |       6 |       0 |   0.0
        D:4 |     362 |       0 |   0.0 |      21 |       0 |   0.0
        D:5 |     578 |     755 |  56.6 |      23 |       4 |  14.8
        D:6 |     897 |     142 |  13.7 |      21 |       3 |  12.5
        D:7 |    2110 |     264 |  11.1 |      40 |       1 |   2.4
        D:8 |    1068 |       0 |   0.0 |       3 |       0 |   0.0
            +---------+---------+-------+---------+---------+-------
